 Dungeon Crawl Stone Soup version 0.19.1 (webtiles) character file.

27 zeroDi the Sneak (level 3, -1/18 HPs)
             Began as a Vine Stalker Assassin on Dec 11, 2016.
             Slain by an adder (3 damage)
             ... on level 2 of the Dungeon.
             The game lasted 00:03:35 (1031 turns).

zeroDi the Sneak (Vine Stalker Assassin)            Turns: 1031, Time: 00:03:36

Health: -1/18      AC:  3    Str: 15    XL:     3   Next: 10%
Magic:  0/4        EV: 12    Int: 11    God:
Gold:   91         SH:  0    Dex: 16    Spells: 0 memorised, 2 levels left

rFire  . . .     SeeInvis .     n - -1 dagger (curse)
rCold  . . .     Gourm    .     c - +0 robe
rNeg   . . .     Faith    .     (no shield)
rPois  .         Spirit   +     (no helmet)
rElec  .         Reflect  .     d - +0 cloak
rCorr  .         Harm     .     (no gloves)
MR     .....                    (no boots)
Stlth  +++.......               (no amulet)
                                (no ring)
                                o - +2 ring of strength

@: lethally poisoned (-1 -> -8)
A: fangs 2, magic shield, antimagic bite, no device heal 3, rot immunity
a: no special abilities


You were on level 2 of the Dungeon.
You were not hungry.

You visited 1 branch of the dungeon, and saw 2 of its levels.

You collected 91 gold pieces.


Innate Abilities, Weirdness & Mutations

You have extremely sharp teeth.
When hurt, damage is shared between your health and your magic reserves.
Your bite disrupts and absorbs the magic of your enemies.
Potions and wands cannot restore your health.
You are immune to rotting.


   Skills:
 - Level 1.7 Fighting
 * Level 2.4 Short Blades
 - Level 1.7 Throwing
 + Level 1.2 Dodging
 * Level 5.3 Stealth


You had 2 spell levels left.
You didn't know any spells.

Inventory:

Hand Weapons
 a - a +2 dagger
 b - a +0 blowgun
 n - a cursed -1 dagger (weapon)
Missiles
 e - 16 poisoned needles
 f - 10 curare-tipped needles {=f}
Armour
 c - a +0 robe (worn)
 d - a +0 cloak (worn)
Jewellery
 m - a +5 ring of intelligence {unknown}
 o - a +2 ring of strength (left hand)
 r - an uncursed ring of protection from cold {unknown}
Scrolls
 l - 2 scrolls of teleportation {@r4}
Potions
 h - 3 potions of flight {unknown}
 j - a potion of degeneration {unknown}
 k - a potion of haste {unknown}
 q - a potion of might {unknown}
Comestibles
 g - 4 bread rations
 i - a beef jerky
 p - a meat ration
 s - 3 royal jellies

Dungeon Overview and Level Annotations

Branches:
Dungeon (2/15)

Altars:

Annotations:
D:2 Terence

...# r.# ...
... #.##
#..## #>..#
#@#.# ..
#S#.##....
##S........
###...#.#.?..
#..<.!# # .
#.....#
#....##
#....# ######


You could see 2 adders and a rat (sleeping).


Message History

You feel sick. The bat hits you but does no damage.
The bat completely misses you. The adder misses you.
You closely miss the adder. You bite the adder, but do no damage.
The adder is severely wounded.
The bat hits you but does no damage. The adder closely misses you.
You miss the adder. Your bite misses the adder.
The adder is severely wounded.
* * * LOW HITPOINT WARNING * * *
You feel sick. The bat hits you but does no damage.
The adder bites you but does no damage. The bat barely misses you.
The adder bites you.
* * * LOW HITPOINT WARNING * * *
You closely miss the bat. Your bite misses the bat.
* * * LOW HITPOINT WARNING * * *
You feel sick. The bat hits you but does no damage.
The adder barely misses you.
You hit the adder. Your bite misses the adder.
The adder is almost dead.
The bat barely misses you. The adder bites you.
You die...

Action                   || total
-------------------------++-------
Melee: Dagger            ||    72
       Bite              ||    16
  Use: Scroll            ||     2
 Stab: Sleeping          ||     9
Armor: Robe              ||    22
Dodge: Dodged            ||    48

Vault maps used:
D:1:      dpeg_arrival_simpleton_a, minmay_tall_x
D:2:      uniq_sigmund, uniq_terence

Notes
Turn   | Place    | Note
-------+----------+-------------------------------------------
     0 | D:1      | zeroDi the Vine Stalker Assassin began the quest for the Orb.
     0 | D:1      | Reached XP level 1. HP: 11/11 MP: 2/2
    47 | D:1      | Reached skill level 2 in Short Blades
    75 | D:1      | Reached skill level 5 in Stealth
    77 | D:1      | Reached XP level 2. HP: 11/15 MP: 3/3
   139 | D:1      | Reached skill level 1 in Dodging
   855 | D:2      | Noticed Terence
   881 | D:1      | Reached XP level 3. HP: 11/18 MP: 2/4
  1031 | D:2      | Slain by an adder

Vanquished Creatures
  An ooze (D:1)
  A dart slug (D:1)
  A ball python (D:2)
  3 giant cockroaches
  2 goblins (D:1)
  2 hobgoblins (D:1)
  4 bats
  2 frilled lizards (D:1)
  2 kobolds (D:1)
  2 rats
20 creatures vanquished.
